 Dungeon Sprint DCSS version 0.31-a0-16-g6d2539766c (webtiles) character file.

Game seed: 679837492768755074

957 sircluck the Cleaver (level 8, -5/120 HPs)
             Began as a Hill Orc Fighter on May 8, 2023.
             Was an Initiate of Nemelex Xobeh.
             Slain by a red devil
             ... wielding a +0 trident
             ... summoned by a kobold demonologist
              (9 damage)
             ... in the Dungeon (Sprint I: "Red Sonja").
             The game lasted 00:01:42 (378 turns).

sircluck the Cleaver (Hill Orc Fighter)              Turns: 378, Time: 00:01:44

Health: -5/120     AC: 14    Str: 21    XL:     8   Next: 14%
Magic:  8/8        EV:  6    Int:  8    God:    Nemelex Xobeh [......]
Gold:   421        SH:  5    Dex: 10    Spells: 7/7 levels left

rFire   . . .        a - +0 war axe
rCold   . . .        c - +0 buckler
rNeg    . . .        m - +0 plate armour
rPois   .            (no helmet)
rElec   .            (no cloak)
rCorr   .            (no gloves)
SInv    .            (no boots)
Will    .....        (no amulet) Stlth
                     (no ring)
HPRegen 0.40/turn    (no ring)
MPRegen 0.11/turn

%: no teleportation
@: berserking, spiked, very quick
A: no striking features
a: Renounce Religion, Draw Escape, Draw Destruction, Draw Summoning


You were in the Dungeon.
You worshipped Nemelex Xobeh.
Nemelex Xobeh was noncommittal.
You visited 1 branch You collected 421 gold pieces.

Inventory:

Hand Weapons
 a - a +0 war axe (weapon)
Armour
 b - a +0 scale mail
 c - a +0 buckler (worn)
 m - a +0 plate armour (worn)
Scrolls
 j - a scroll of blinking
Potions
 d - a potion of might
 e - a potion of curing
 f - a potion of heal wounds
 g - a potion of haste
 h - 2 potions of magic
 k - a potion of degeneration {unknown}
 l - a potion of mutation {unknown}


   Skills:
 + Level 10.5 Fighting
 + Level 12.3 Axes
 + Level 9.4 Armour
 + Level 0.1 Dodging
 + Level 6.2 Stealth
 + Level 7.2 Shields
 + Level 0.2 Evocations


You had 7 spell levels left.
You didn't know any spells.
Your spell library was empty.

Dungeon Overview and Level Annotations

Branches:
Dungeon (1/1)

Altars:
Cheibriados
Dithmenos
Elyvilon
Fedhas
Gozag
Hepliaklqana
Kikubaaqudgha
Makhleb
Nemelex Xobeh
Okawaru
Qazlal
Ru
Sif Muna
Trog
Uskayaw
Vehumet
Wu Jian
Xom
Yredelemnul
Zin
The Shining One
Jiyva
Lugonu

Shops:
D !


Message History

You hit the iron imp.
The soul eater draws from the surrounding life force!
* * * LOW HITPOINT WARNING * * *
The red devil hits you from afar with a +0 trident!
* * * LOW HITPOINT WARNING * * *
Barbed spikes become lodged in your body.
You block the iron imp's attack.
The kobold demonologist barely misses you.
A red film seems to cover your vision as you go berserk!
You feel yourself moving faster!
You feel mighty!
The soul eater draws from the surrounding life force!
* * * LOW HITPOINT WARNING * * *
The red devil hits you but does no damage.
The crimson imp puffs mist at you.
The crimson imp hits you but does no damage.
The iron imp hits you but does no damage.
The kobold demonologist hits you but does no damage.
You hit the kobold demonologist.
The kobold demonologist is heavily wounded.
You closely miss the crimson imp. You slash the iron imp!
You kill the iron imp!
The iron imp disappears in a puff of smoke!
The red devil hits you from afar with a +0 trident!
* * * LOW HITPOINT WARNING * * *
Barbed spikes become lodged in your body.
The crimson imp hits you.
* * * LOW HITPOINT WARNING * * *
You hit the kobold demonologist.
The kobold demonologist is heavily wounded.
You barely miss the crimson imp.
The kobold demonologist hits you with a +0 dagger.
* * * LOW HITPOINT WARNING * * *
You hit the kobold demonologist.
The kobold demonologist is severely wounded.
You slash the crimson imp!
You kill the crimson imp!
The crimson imp disappears in a puff of smoke!
The red devil hits you from afar with a +0 trident!
You die...
Your body disappears without a glow.

####################
').#..'..#__#..'@§4#
#..').#..'..'..#§K.#
##'#####'#__####3..+
#..#...#.#### #####
####..##.#
___##'#_.+
∩...†..._#
.__##_.#'#
___###+#.#


You could see a soul eater (summoned), a kobold demonologist and a red devil
(summoned).

Vanquished Creatures
  A kobold demonologist (D)
  A slime creature (D)
  Sigmund (D)
  A yak (D)
  A floating eye (D)
  An ogre (D)
  A jelly (D)
  Ijyb (D)
8 creatures vanquished.

Notes
Turn   | Place    | Note
-------+----------+-------------------------------------------
     0 | D        | sircluck the Hill Orc Fighter began the quest for the Orb.
     0 | D        | Reached XP level 1. HP: 19/19 MP: 1/1
     2 | D        | Noticed Ijyb
     4 | D        | Paralysed by Ijyb for 5 turns
    12 | D        | Killed Ijyb
    13 | D        | Reached skill level 5 in Fighting
    13 | D        | Reached skill level 4 in Axes
    13 | D        | Reached XP level 2. HP: 22/29 MP: 2/2
    13 | D        | Reached XP level 3. HP: 27/36 MP: 3/3
    47 | D        | Noticed an ogre
    55 | D        | Killed an ogre
    56 | D        | Reached skill level 5 in Axes
    56 | D        | Reached skill level 5 in Armour
    56 | D        | Reached skill level 5 in Shields
    56 | D        | Reached XP level 4. HP: 45/45 MP: 4/4
    66 | D        | Noticed Sigmund
    71 | D        | Killed Sigmund
    72 | D        | Reached skill level 7 in Axes
    72 | D        | Reached XP level 5. HP: 49/53 MP: 5/5
    72 | D        | Reached XP level 6. HP: 56/61 MP: 6/6
    86 | D        | Found an ornate altar of the Wu Jian Council.
    86 | D        | Found a shimmering blue altar of Sif Muna.
    88 | D        | Found a radiant altar of Vehumet.
    94 | D        | Reached skill level 8 in Axes
   144 | D        | Found Nituyvvi's Distillery.
   144 | D        | Found an ancient bone altar of Kikubaaqudgha.
   144 | D        | Found a hazy altar of Hepliaklqana.
   144 | D        | Found a stormy altar of Qazlal.
   144 | D        | Found a hide-covered altar of Uskayaw.
   144 | D        | Found a blossoming altar of Fedhas.
   144 | D        | Found a bloodstained altar of Trog.
   144 | D        | Found an iron altar of Okawaru.
   144 | D        | Found a basalt altar of Yredelemnul.
   144 | D        | Found a glowing golden altar of the Shining One.
   144 | D        | Found a snail-covered altar of Cheibriados.
   144 | D        | Found a sacrificial altar of Ru.
   144 | D        | Found a glowing silver altar of Zin.
   144 | D        | Found a shadowy altar of Dithmenos.
   144 | D        | Found a white marble altar of Elyvilon.
   144 | D        | Noticed a yak
   151 | D        | Killed a yak
   152 | D        | Reached skill level 9 in Axes
   152 | D        | Found an opulent altar of Gozag.
   153 | D        | Found a sparkling altar of Nemelex Xobeh.
   173 | D        | Became a worshipper of Nemelex Xobeh the Trickster
   187 | D        | Found a burning altar of Makhleb.
   187 | D        | Found a viscous altar of Jiyva.
   187 | D        | Found a shimmering altar of Xom.
   187 | D        | Found a corrupted altar of Lugonu.
   187 | D        | Noticed a slime creature
   194 | D        | Killed a slime creature
   195 | D        | Reached skill level 10 in Axes
   195 | D        | Reached skill level 5 in Stealth
   195 | D        | Reached XP level 7. HP: 23/71 MP: 7/7
   358 | D        | Noticed a kobold demonologist
   358 | D        | Noticed a kobold demonologist
   359 | D        | Noticed a neqoxec
   359 | D        | Paralysed by a floating eye for 3 turns
   363 | D        | Reached skill level 10 in Fighting
   368 | D        | Noticed a red devil
   369 | D        | Killed a kobold demonologist
   370 | D        | Reached skill level 12 in Axes
   370 | D        | Reached XP level 8. HP: 71/80 MP: 8/8
   373 | D        | Noticed a soul eater
   376 | D        | HP: 6/120 [crimson imp[a kobold demonologist] (2)]
   378 | D        | Slain by a red devil

Illustrated notes

Levels and vault maps discovered:
D:        dungeon_sprint_1 [red_sonja_temple_1, red_sonja_temple_small_1]

Skill      XL: |  1  2  3  4  5  6  7 |
---------------+----------------------+-----
Fighting       | 5 6 8 9 10 | 10.5
Axes           | 4 5 7 10 12 | 12.3
Armour         | 4 5 7 8 9 |  9.4
Shields        | 4 5 6 7 |  7.2
Stealth        | 2 3 5 6 |  6.2
Dodging        | |  0.1
Evocations     | |  0.2

Action                     |  1- 3 |  4- 6 |  7- 9 || total
---------------------------+-------+-------+-------++-------
  Melee: War axe           |    11 |    21 |    15 ||    47
  Evoke: Wand              |     1 |       |       ||     1
    Use: Potion            |       |       |     1 ||     1
   Stab: Paralysed         |     6 |       |       ||     6
 Armour: Scale mail        |     1 |     2 |       ||     3
         Plate armour      |       |     1 |    11 ||    12
  Dodge: Dodged            |     3 |     2 |     5 ||    10
  Block: Buckler           |       |     4 |     4 ||     8

Table legend: (Time is in decaauts)
 A = Elapsed time spent in this place.
 B = Non-inter-level travel time spent in this place.
 C = Inter-level travel time spent in this place.
 D = Time resting spent in this place.
 E = Time spent auto-exploring this place.
 F = Levels seen in this place.
 G = Mean time per level.
                   A        B        C        D        E       F      G
               +--------+--------+--------+--------+--------+-----+--------+
         Total |    383 |    383 |      0 |    183 |     10 |   1 |  383.0 |
       Dungeon |    383 |    383 |      0 |    183 |     10 |   1 |  383.0 |
               +--------+--------+--------+--------+--------+-----+--------+

Top non-repeatable levels by time:
       D: 383 daAuts
